 Dungeon Crawl Stone Soup version 0.29-a0-362-g5854e031c7 (webtiles) character file.

Game seed: 5576414649661721689

9 spaghetti the Ducker (level 2, -1/21 HPs)
             Began as an Octopode Berserker on Apr 29, 2022.
             Was a Follower of Trog.
             Succumbed to a kobold's poison
             ... on level 1 of the Dungeon.
             The game lasted 00:00:38 (443 turns).

spaghetti the Ducker (Octopode Berserker)            Turns: 443, Time: 00:00:39

Health: -1/21      AC:  1    Str: 16    XL:     2   Next: 16%
Magic:  2/2        EV: 13    Int:  9    God:    Trog [*.....]
Gold:   35         SH:  0    Dex: 11    Spells: 1/1 levels left

rFire   . . .      SeeInvis .   a - +0 falchion {long}
rCold   . . .      Faith    .   (no shield)
rNeg    . . .      Spirit   .   (helmet restricted)
rPois   .          Reflect  .   (no amulet)
rElec   .          Harm     .   (no ring)
rCorr   .          Rampage  .   (no ring)
Will    .....                   (no ring)
Stlth   ++........              (no ring)
HPRegen 0.07/turn               (no ring)
MPRegen 0.08/turn               (no ring)
                                (no ring)
                                (no ring)

@: brilliant, lethally poisoned (-1 -> -18)
A: almost no armour, amphibious, 8 rings, camouflage 1, gelatinous body 1,
(nimble swimmer 1), tentacles
a: Renounce Religion, Berserk


You were on level 1 of the Dungeon.
You worshipped Trog.
Trog was aware of your devotion.
You visited 1 branch of the dungeon, and saw 1 of its levels.

You collected 35 gold pieces.


Innate Abilities, Weirdness & Mutations

You cannot wear most types of armour.
You are amphibious.
You can wear up to eight rings at the same time.
Your skin changes colour to match your surroundings (Stealth+).
Your rubbery body absorbs attacks. (AC +1, EV +1)
((You are camouflaged when in or above water. (Stealth+)))
You have tentacles for arms and can constrict up to eight enemies at once.


   Skills:
 + Level 3.1 Fighting
 + Level 3.1 Long Blades
 * Level 3.2 Dodging
 + Level 1.0 Stealth


You had one spell level left.
You didn't know any spells.
Your spell library was empty.

Inventory:

Hand Weapons
 a - a +0 falchion (weapon) {long}
Magical Staves
 d - a staff of conjuration {forbidden!a@e2staff}
   (You found it on level 1 of the Dungeon)
Scrolls
 c - 2 scrolls of identify {unknown}

Dungeon Overview and Level Annotations

Branches:
Dungeon (1/15)

Altars:

#........# #.#
#........####.#########
###.........#..........
#########.#........#
#.#........#
#.#......=.#
#..........#
#####.###### #.@...#
#####.#


There were no monsters in sight!


Message History

A rat is nearby!
A rat is nearby!
A rat is nearby!
A rat is nearby!
You hit the rat.
You kill the rat!
Trog accepts your kill.
You see here a rat corpse.
c - 2 scrolls labelled QOUCRE PIWK (gained 1)
A bat comes into view. 😎 HP[+1]
Your hp is fully restored (16).
A bat is nearby!
A bat is nearby!
A bat is nearby!
A bat comes into view.
The bat hits you. 😕 HP[-1]
You take 1 damage, and now have 15/16 hp.
Unknown command.
You barely miss the bat. Your grab misses the bat. Your squeeze misses the bat.
The bat barely misses you. The bat misses you.
You hit the bat.
You kill the bat!
Trog accepts your kill. The bat hits you. 😕 HP[-1]
You take 1 damage, and now have 14/16 hp.
You hit the bat.
You kill the bat!
Trog accepts your kill.
You have reached level 2! 😕 HP[+5] MP[+1]
You now have 21 max hp (+5).
You regained 5 hp, and now have 19/21 hp.
Your mp is fully restored (2).
You now have 19 gold pieces (gained 4).
d - a staff of conjuration {forbidden!a@e2staff} 😎 HP[+2]
Your hp is fully restored (21).
A ball python comes into view.
A ball python is nearby!
A ball python is nearby!
Okay, then.
The ball python hisses angrily.
The ball python barely misses you. The ball python closely misses you.
You hit the ball python but do no damage.
You grab the ball python. You constrict the ball python.
The ball python bites you. The ball python misses you. 😕 HP[-1]
You take 1 damage, and now have 20/21 hp.
You slash the ball python!
You kill the ball python!
Trog accepts your kill.
Your Stealth skill increases to level 1!
You now have 25 gold pieces (gained 6).
You now have 35 gold pieces (gained 10).
Key pressed, stopping explore.
A kobold comes into view.
It is wielding a +1 dagger of venom. 😎 HP[+1]
Your hp is fully restored (21).
A kobold is nearby!
A kobold is nearby!
The kobold shouts!
You hit the kobold. You grab the kobold.
You squeeze the kobold, but do no damage.
You constrict the kobold.
The kobold hits you with a +1 dagger of venom.
You are poisoned.
The kobold hits you with a +1 dagger of venom.
You are more poisoned. 😮 HP[-9]
You take 9 damage, and now have 12/21 hp.
MASSIVE DAMAGE!! (PAUSE) Unknown command.
It was a potion of brilliance.
You feel clever all of a sudden.
You constrict the kobold.
You kill the kobold!
Trog accepts your kill.
* * * LOW HITPOINT WARNING * * *
You feel very sick. 😨 HP[-6]
You take 6 damage, and now have 6/21 hp.
MASSIVE DAMAGE!! (PAUSE) Unknown command.
Unknown command.
* * * LOW HITPOINT WARNING * * *
You feel very sick.
You see here a +1 dagger of venom {short}. 😱 HP[-4]
You take 4 damage, and now have 2/21 hp.
Unknown command.
Unknown command.
Okay, then.
There is a lethal amount of poison in your body!
Unknown command.
Unknown command.
You die...

Skill      XL: |  1  2 |
---------------+-------+-----
Stealth        | 1 |  1.0
Fighting       | |  3.1
Long Blades    | |  3.1
Dodging        | |  3.2

Action                   || total
-------------------------++-------
Melee: Falchion          ||    15
       Constrict         ||     3
       Tentacles         ||     2
       Punch             ||     1
  Use: Potion            ||     1
Dodge: Dodged            ||     7

Levels and vault maps discovered:
D:1:      saegor_arrival_simple_e, layout_basic,
          ebering_ecumenical_altar_petrified

Notes
Turn   | Place    | Note
-------+----------+-------------------------------------------
     0 | D:1      | spaghetti the Octopode Berserker began the quest for the
                  | Orb.
     0 | D:1      | Reached XP level 1. HP: 16/16 MP: 1/1
     0 | D:1      | magus.rc [v1.9.6]
    35 | D:1      | Found a faded altar of an unknown god.
   339 | D:1      | Reached XP level 2. HP: 19/21 MP: 2/2
   402 | D:1      | Reached skill level 1 in Stealth
   442 | D:1      | HP: 2/21 [poisoned by a kobold]
   443 | D:1      | Succumbed to a kobold's poison

Vanquished Creatures
  A ball python (D:1)
  2 hobgoblins (D:1)
  2 kobolds (D:1)
  2 bats (D:1)
  2 rats (D:1)
9 creatures vanquished.

Table legend:
 A = Non-vault XP
 B = Vault XP
 C = Vault XP percentage of total XP
 D = Non-vault monster count
 E = Vault monster count
 F = Vault count percentage of total count
                 A         B        C        D         E       F
            +---------+---------+-------+---------+---------+-------
      Total |      14 |       0 |   0.0 |       9 |       0 |   0.0
            +---------+---------+-------+---------+---------+-------
        D:1 |      14 |       0 |   0.0 |       9 |       0 |   0.0
            +---------+---------+-------+---------+---------+-------

Illustrated notes

Table legend:
 A = Kills in this place as a percentage of kills in entire the game.
 B = Kills by you in this place as a percentage of kills by you in the entire game.
 C = Kills by friends in this place as a percentage of kills by friends in the entire game.
 D = Other kills in this place as a percentage of other kills in the entire game.
 E = Experience gained in this place as a percentage of experience gained in the entire game.
 F = Experience gained in this place divided by the number of levels of this place that you have seen.
                   A       B       C       D       E      F
               +-------+-------+-------+-------+-------+----------------------
         Total | 100.0 | 100.0 |   N/A |   N/A | 100.0 |  14.0
       Dungeon | 100.0 | 100.0 |   N/A |   N/A | 100.0 |  14.0
               +-------+-------+-------+-------+-------+----------------------

Table legend: (Time is in decaauts)
 A = Elapsed time spent in this place.
 B = Non-inter-level travel time spent in this place.
 C = Inter-level travel time spent in this place.
 D = Time resting spent in this place.
 E = Time spent auto-exploring this place.
 F = Levels seen in this place.
 G = Mean time per level.
                   A        B        C        D        E       F      G
               +--------+--------+--------+--------+--------+-----+--------+
         Total |    445 |    445 |      0 |    196 |    192 |   1 |  445.0 |
       Dungeon |    445 |    445 |      0 |    196 |    192 |   1 |  445.0 |
               +--------+--------+--------+--------+--------+-----+--------+

Top non-repeatable levels by time:
     D:1: 445 daAuts
